 Dungeon Crawl Stone Soup version 0.29-a0-330-g52719c12eb (webtiles) character file.

Game seed: 17926943750207864656

109 Crownlay the Firebug (level 4, -1/32 HPs)
             Began as a Gnoll Fire Elementalist on May 3, 2022.
             Slain by Sigmund
             ... wielding a +0 scythe
              (11 damage)
             ... on level 2 of the Dungeon.
             The game lasted 00:04:23 (3129 turns).

Crownlay the Firebug (Gnoll Fire Elementalist)      Turns: 3129, Time: 00:04:24

Health: -1/32      AC:  2    Str:  7    XL:     4   Next: 90%
Magic:  0/3        EV: 13    Int: 17    God:
Gold:   71         SH:  0    Dex: 12    Spells: 7/13 levels left

rFire   . . .      SeeInvis .   j - +11 short sword of Etaseuxan {antimagic, rElec rC+ Stlth+}
rCold   + . .      Faith    .   (no shield)
rNeg    . . .      Spirit   .   a - +0 robe
rPois   .          Reflect  .   (no helmet)
rElec   +          Harm     .   (no cloak)
rCorr   .          Rampage  .   (no gloves)
Will    .....                   (no boots)
Stlth   ++++......              (no amulet)
HPRegen 0.10/turn               (no ring)
MPRegen 0.08/turn               (no ring)

@: no status effects
A: fangs 1, strong nose, distributed training
a: no special abilities


You were on level 2 of the Dungeon.
You visited 1 branch of the dungeon, and saw 2 of its levels.

You collected 71 gold pieces.

Inventory:

Hand Weapons
 j - the +11 short sword of Etaseuxan (weapon) {antimagic, rElec rC+ Stlth+}
   (You found it on level 2 of the Dungeon)

   It reduces the magical energy of the wielder, and disrupts the spells and
   magical abilities of those it strikes.
   Natural abilities and divine invocations are not affected.
   rC:        It protects you from cold.
   rElec:     It insulates you from electricity.
   Stlth:     It makes you more stealthy.
Armour
 a - a +0 robe (worn)
Scrolls
 c - a scroll of teleportation
 d - a scroll of blinking {unknown}
 e - a scroll of brand weapon {unknown}
 f - 2 scrolls of identify {unknown}
 g - 2 scrolls of amnesia {unknown}
Potions
 b - a potion of magic
 h - a potion of berserk rage {unknown}
 i - a potion of heal wounds {unknown}


   Skills:
 + Level 1.2 Fighting
 + Level 1.2 Short Blades
 + Level 1.2 Long Blades
 + Level 1.2 Axes
 + Level 1.2 Maces & Flails
 + Level 1.2 Polearms
 + Level 1.2 Staves
 + Level 1.2 Slings
 + Level 1.2 Bows
 + Level 1.2 Crossbows
 + Level 1.2 Throwing
 + Level 1.2 Armour
 + Level 4.7 Dodging
 + Level 4.3 Stealth
 + Level 1.2 Shields
 + Level 1.2 Unarmed Combat
 + Level 5.1 Spellcasting
 + Level 2.3 Conjurations
 + Level 1.0 Hexes
 + Level 1.0 Summonings
 + Level 1.0 Necromancy
 + Level 1.0 Translocations
 + Level 1.0 Transmutations
 + Level 5.5 Fire Magic
 + Level 1.0 Ice Magic
 + Level 1.0 Air Magic
 + Level 1.0 Earth Magic
 + Level 1.0 Poison Magic
 + Level 1.4 Invocations
 + Level 1.2 Evocations


You had 7 spell levels left.
You knew the following spells:

 Your Spells              Type           Power      Damage    Failure   Level
a - Foxfire               Conj/Fire      68%        2x1d7     2%          1
b - Scorch                Fire           46%        2d7       2%          2
c - Inner Flame           Hex/Fire       15%        N/A       11%         3

Your spell library contained the following spells:

 Spells                   Type           Power      Damage    Failure   Level
 Conjure Flame            Conj/Fire      17%        6-21      9%          3
 Flame Wave               Conj/Fire      17%        2d6       28%         4


Dungeon Overview and Level Annotations

Branches:
Dungeon (2/15)

Altars:
Yredelemnul

Annotations:
D:2 Sigmund


Innate Abilities, Weirdness & Mutations

You have very sharp teeth.
Your uncanny sense of smell can sniff out nearby items.
Your experience applies equally to all skills.


Message History

You feel magic returning to you.
You are now empty-handed.
You drop the +11 short sword of Etaseuxan {antimagic, rElec rC+ Stlth+}.
j - the +11 short sword of Etaseuxan {antimagic, rElec rC+ Stlth+}
Okay, then.
You feel magic leave you.
j - the +11 short sword of Etaseuxan (weapon)
{antimagic, rElec rC+ Stlth+} Sigmund is nearby!
You conjure some foxfire!
Sigmund shouts!
Sigmund mumbles some strange words.
Sigmund flickers and vanishes!
Deactivating autopickup; reactivate with Ctrl-A.
You see here a pink potion.
The foxfire hits something. x2
Casting: Foxfire (safe; 2% risk of failure)
Confirm with . or Enter, or press ? or * to list all spells.
You conjure some foxfire!
Found a bubbling inky potion.
The foxfire hits something. x2
You hear some strange, mumbled words.
Something tries to affect you, but you resist.
You closely miss something.
You hear some strange, mumbled words.
A magic dart appears from out of thin air!
The magic dart hits you!
Casting: Foxfire (safe; 2% risk of failure)
Confirm with . or Enter, or press ? or * to list all spells.
You conjure some foxfire!
Something hits you but does no damage.
You barely miss something.
The foxfire hits something but does no damage.
The foxfire hits something.
You hear some strange, mumbled words.
You are confused.
Something hits you. Something hits you! Something hits you.
You feel less confused.
Casting: Foxfire (safe; 2% risk of failure)
Confirm with . or Enter, or press ? or * to list all spells.
You conjure some foxfire!
Something hits you!
You die...

.#.....####......# .......##
##.....###########
#.......######.......#.....#
...#........###.............
.#.>.........#..............
##.##.....##................
............................
#..[..............!.........
...#...........v@.{.........
#..#...........v...........!
#.##...........#...........#
..############.####.....####
### #. #.#.#.# ## ........
#........ #........


There were no monsters in sight!

Vanquished Creatures
  4 gnolls
  4 dart slugs
  8 ball pythons
  5 bats
  5 endoplasms
  4 giant cockroaches
  5 goblins
  5 hobgoblins
  7 jackals
  A quokka (D:1)
  4 frilled lizards
  6 rats
58 creatures vanquished.

Vanquished Creatures (others)
  194 foxfires
194 creatures vanquished.

Grand Total: 252 creatures vanquished

Notes
Turn   | Place    | Note
-------+----------+-------------------------------------------
     0 | D:1      | Crownlay the Gnoll Fire Elementalist began the quest for
                  | the Orb.
     0 | D:1      | Reached XP level 1. HP: 13/13 MP: 6/6
   307 | D:1      | Reached XP level 2. HP: 19/19 MP: 1/7
   428 | D:1      | Learned a level 2 spell: Scorch
   961 | D:1      | Reached XP level 3. HP: 25/25 MP: 6/9
  1038 | D:1      | Reached skill level 5 in Spellcasting
  1360 | D:1      | Reached skill level 1 in Invocations
  1815 | D:1      | Reached skill level 1 in Fighting
  1815 | D:1      | Reached skill level 1 in Short Blades
  1815 | D:1      | Reached skill level 1 in Long Blades
  1815 | D:1      | Reached skill level 1 in Axes
  1815 | D:1      | Reached skill level 1 in Maces & Flails
  1815 | D:1      | Reached skill level 1 in Polearms
  1815 | D:1      | Reached skill level 1 in Staves
  1815 | D:1      | Reached skill level 1 in Slings
  1815 | D:1      | Reached skill level 1 in Bows
  1815 | D:1      | Reached skill level 1 in Crossbows
  1815 | D:1      | Reached skill level 1 in Throwing
  1815 | D:1      | Reached skill level 1 in Armour
  1815 | D:1      | Reached skill level 1 in Shields
  1815 | D:1      | Reached skill level 1 in Unarmed Combat
  1815 | D:1      | Reached skill level 1 in Evocations
  2046 | D:1      | HP: 1/26 [frilled lizard (2)]
  2048 | D:1      | Reached XP level 4. HP: 2/32 MP: 4/11
  2376 | D:2      | Reached skill level 1 in Hexes
  2376 | D:2      | Reached skill level 1 in Summonings
  2376 | D:2      | Reached skill level 1 in Necromancy
  2376 | D:2      | Reached skill level 1 in Translocations
  2376 | D:2      | Reached skill level 1 in Transmutations
  2376 | D:2      | Reached skill level 1 in Ice Magic
  2376 | D:2      | Reached skill level 1 in Air Magic
  2376 | D:2      | Reached skill level 1 in Earth Magic
  2376 | D:2      | Reached skill level 1 in Poison Magic
  2581 | D:2      | Noticed Sigmund
  2587 | D:2      | Learned a level 3 spell: Inner Flame
  2943 | D:2      | Found a basalt altar of Yredelemnul.
  3107 | D:2      | Identified the +11 short sword of Etaseuxan {antimagic,
                  | rElec rC+ Stlth+}
  3129 | D:2      | Slain by Sigmund

Illustrated notes

Levels and vault maps discovered:
D:1:      dpeg_arrival_rhombi, layout_loops_corners
D:2:      minmay_alternating_diamond, layout_rooms, basic_altar,
          feat_on_display, uniq_sigmund

Skill      XL: |  1  2  3  4 |
---------------+-------------+-----
Conjurations   | 2 |  2.3
Spellcasting   | 5 |  5.1
Invocations    | 1 |  1.4
Fighting       | 1 |  1.2
Short Blades   | 1 |  1.2
Long Blades    | 1 |  1.2
Axes           | 1 |  1.2
Maces & Flails | 1 |  1.2
Polearms       | 1 |  1.2
Staves         | 1 |  1.2
Slings         | 1 |  1.2
Bows           | 1 |  1.2
Crossbows      | 1 |  1.2
Throwing       | 1 |  1.2
Armour         | 1 |  1.2
Shields        | 1 |  1.2
Unarmed Combat | 1 |  1.2
Evocations     | 1 |  1.2
Hexes          | 1 |  1.0
Summonings     | 1 |  1.0
Necromancy     | 1 |  1.0
Translocations | 1 |  1.0
Transmutations | 1 |  1.0
Ice Magic      | 1 |  1.0
Air Magic      | 1 |  1.0
Earth Magic    | 1 |  1.0
Poison Magic   | 1 |  1.0
Dodging        | |  4.7
Stealth        | |  4.3
Fire Magic     | |  5.5

Action                   |  1- 3 |  4- 6 || total
-------------------------+-------+-------++-------
Melee: Unarmed           |    12 |     4 ||    16
       Bite              |     2 |       ||     2
       Short sword       |       |     2 ||     2
 Cast: Foxfire           |    92 |    42 ||   134
       Inner Flame       |       |     2 ||     2
       Scorch            |       |     2 ||     2
  Use: Scroll            |     1 |       ||     1
Armor: Robe              |     7 |     3 ||    10
Dodge: Dodged            |    41 |     4 ||    45

Table legend: (Time is in decaauts)
 A = Elapsed time spent in this place.
 B = Non-inter-level travel time spent in this place.
 C = Inter-level travel time spent in this place.
 D = Time resting spent in this place.
 E = Time spent auto-exploring this place.
 F = Levels seen in this place.
 G = Mean time per level.
                   A        B        C        D        E       F      G
               +--------+--------+--------+--------+--------+-----+--------+
         Total |   3131 |   3066 |     65 |      0 |   2667 |   2 | 1565.5 |
       Dungeon |   3131 |   3066 |     65 |      0 |   2667 |   2 | 1565.5 |
               +--------+--------+--------+--------+--------+-----+--------+

Top non-repeatable levels by time:
     D:1: 2450 daAuts
     D:2: 680 daAuts
